 Dungeon Crawl Stone Soup version 0.14-a0-2080-ge317583 (webtiles) character file.

1172 HollowCharge the Spear-Bearer (level 8, 0/63 HPs)
             Began as a Merfolk Fighter on Jan 24, 2014.
             Was an Initiate of the Shining One.
             Slain by Ijyb
             ... wielding a +4,+0 dwarven dagger of electrocution
              (21 damage)
             ... on Level 3 of the Dungeon.
             The game lasted 00:31:59 (6267 turns).

HollowCharge the Spear-Bearer (Merfolk Fighter)     Turns: 6267, Time: 00:31:59

HP   0/63        AC 12     Str 17      XL: 8   Next:  6%
MP   8/8         EV  6     Int  7      God: the Shining One [......]
Gold 283         SH 20     Dex 15      Spells:  0 memorised,  7 levels left

rFire  . . .     SeeInvis .     a - +2,+0 trident
rCold  . . .     Clarity  .     v - +2 orc scale mail
rNeg   . . .     Conserve .     c - +0 shield
rPois  .         rCorr    .     s - +1 dwarf helmet (curse)
rElec  .         rRot     .     p - +0 cloak
SustAb . .       Spirit   .     (no gloves)
rMut   .         Warding  .     n - +0 pair of elf boots
Saprov . . .     Stasis   .     (no amulet)
MR     .....                    (no ring)
                                (no ring)

@: not resistant to hostile enchantments, extremely unstealthy
A: change form in water, swift swim
a: Renounce Religion


You were on level 3 of the Dungeon.
You worshipped the Shining One.
The Shining One was noncommittal.
You were very hungry.

You visited 1 branch of the dungeon, and saw 5 of its levels.
You also visited: Sewer.

You collected 283 gold pieces.

Inventory:

Hand weapons
 a - a +2,+0 trident (weapon)
Armour
 c - a +0 shield (worn)
 n - a +0 pair of elven boots (worn)
 p - a +0 cloak (worn)
 s - a cursed +1 dwarven helmet (worn)
 v - a +2 orcish scale mail (worn)
Magical devices
 h - a wand of fire (8) {unknown}
 u - a wand of digging (15) {unknown}
Comestibles
 d - 6 bread rations
 m - 5 meat rations
 o - a snozzcumber
 r - a lychee
Scrolls
 b - 4 scrolls of teleportation
 e - a scroll of recharging {unknown}
 k - a scroll of remove curse
 x - a scroll of identify
Potions
 f - a potion of brilliance
 g - 3 potions of agility
 i - a potion of lignification
 j - a potion of heal wounds {unknown}
 l - a potion of mutation {unknown}
 q - a potion of cure mutation {unknown}
 t - 2 potions of magic
 w - 2 potions of paralysis {unknown}
 A - 4 potions of curing


   Skills:
 + Level 5.4 Fighting
 * Level 8.4 Polearms
 - Level 2.1 Armour
 + Level 4.7 Dodging
 + Level 5.1 Shields


You had 7 spell levels left.
You didn't know any spells.

Dungeon Overview and Level Annotations

Branches:
Dungeon (5/16)
 Temple: D:4-7

Altars:
Ashenzari
the Shining One

Annotations:
D:3 Ijyb, Sigmund


Message History

Ijyb hits you but does no damage.
You closely miss Ijyb.
Ijyb is moderately wounded.
You block Ijyb's attack.
You hit Ijyb.
Ijyb is heavily wounded.
Ijyb hits you but does no damage.
You are electrocuted!
Your shield prevents you from hitting Ijyb.
Ijyb is heavily wounded.
Ijyb hits you but does no damage.
You hit Ijyb.
Ijyb is heavily wounded.
Ijyb hits you but does no damage.
You hit Ijyb but do no damage.
Ijyb is heavily wounded.
Ijyb hits you but does no damage.
You hit Ijyb.
Ijyb is heavily wounded.
Ijyb hits you but does no damage.
You are electrocuted!
You die...

#...≈≈≈≈≈..............)....
#...≈≈.≈≈.........##.....##.
#...≈≈≈≈≈................##.
#....≈≈≈..........######.###
#............##.............
###............##.......######
####...#....................#....
......#######.....##........####'
...............#@.......###.##♣..
...........###.#g######.# #.##...
...........# #.#.# #.# #.##♣..
...........# #.#.# #.# #.##...
...........# #.#.# #.# #.####_
###........# #.#.# #)# #.#####
#........# #.#.# #.# #.#.###
#........# #.#.# #.###.#....
#........# #.#.# #>....###.#


You could see Ijyb.

Vanquished Creatures
  A hungry ghost (D:4)
  An ogre (D:5)
  A crimson imp (D:5)
  2 hounds
  An orc wizard (D:5)
  2 iguanas
  5 worker ants
  A sky beast zombie (D:4)
  5 gnolls
  9 adders
  3 green rats (Sewer)
  5 worms
  A giant mite (D:1)
  A goliath beetle zombie (D:5)
  An inept feature mimic (D:4)
  A giant eyeball (D:5)
  2 oozes
  A giant gecko (D:3)
  6 orcs
  6 ball pythons
  6 giant cockroaches
  5 goblins
  5 grey rats
  16 hobgoblins
  2 quokkas (D:5)
  8 bats
  9 giant newts
  A hobgoblin skeleton (D:4)
  8 jackals (D:1)
  13 kobolds
  A kobold skeleton (D:4)
  A quokka skeleton (D:5)
  13 rats
143 creatures vanquished.

Notes
Turn   | Place    | Note
--------------------------------------------------------------
     0 | D:1      | HollowCharge, the Merfolk Fighter, began the quest for the Orb.
     0 | D:1      | Reached XP level 1. HP: 18/18 MP: 1/1
   101 | D:1      | Reached XP level 2. HP: 24/24 MP: 2/2
   219 | D:1      | Reached skill level 1 in Dodging
   260 | D:1      | Reached XP level 3. HP: 25/29 MP: 3/3
  1046 | D:2      | Reached skill level 4 in Polearms
  1122 | D:2      | Reached XP level 4. HP: 19/37 MP: 4/4
  1247 | D:2      | Found a shattered altar of Ashenzari.
  2014 | D:2      | Reached skill level 5 in Polearms
  2014 | D:2      | Reached XP level 5. HP: 38/42 MP: 5/5
  2422 | D:3      | Noticed Sigmund
  2438 | D:3      | Found a glowing drain.
  2456 | Sewer    | Entered a sewer
  3219 | D:3      | Reached XP level 6. HP: 20/49 MP: 6/6
  3578 | D:3      | Found a glowing golden altar of the Shining One.
  3585 | D:3      | Became a worshipper of the Shining One
  3771 | D:4      | Reached skill level 6 in Polearms
  4361 | D:4      | Noticed a hungry ghost
  4379 | D:4      | Killed a hungry ghost
  4379 | D:4      | Reached XP level 7. HP: 50/55 MP: 7/7
  4394 | D:4      | Found Ceumoan's Magical Wand Emporium.
  4403 | D:4      | Ceumoan's Magical Wand Emporium was a mimic.
  4473 | D:4      | Reached skill level 7 in Polearms
  4777 | D:4      | Reached skill level 5 in Fighting
  5067 | D:5      | Entered Level 5 of the Dungeon
  5295 | D:5      | Reached skill level 8 in Polearms
  5295 | D:5      | Reached skill level 5 in Shields
  5582 | D:5      | Reached XP level 8. HP: 55/63 MP: 8/8
  5722 | D:5      | Paralysed by a giant eyeball for 2 turns
  6259 | D:3      | Noticed Ijyb
  6267 | D:3      | Slain by Ijyb

Action                   |  1- 3 |  4- 6 |  7- 9 || total
-------------------------+-------+-------+-------++-------
Melee: Trident           |    98 |   277 |   242 ||   617
       Spear             |       |    55 |       ||    55
  Use: Scroll            |     4 |    11 |     8 ||    23
       Potion            |       |     5 |       ||     5
